 Dungeon Crawl Stone Soup version 0.30-a0-1016-gfb0d676c02 (webtiles) character file.

Game seed: 17952993511747208144

604 NinjaNoafa the Magician (level 7, -13/46 HPs)
             Began as a Demonspawn Conjurer on Apr 6, 2023.
             Mangled by Edmund
             ... wielding a +1 dire flail of protection
              (15 damage)
             ... on level 4 of the Dungeon.
             The game lasted 00:09:36 (3425 turns).

NinjaNoafa the Magician (Demonspawn Conjurer)       Turns: 3425, Time: 00:09:37

Health: -13/46     AC:  3    Str:  7    XL:     7   Next: 18%
Magic:  10/16      EV: 12    Int: 21    God:
Gold:   112        SH:  0    Dex: 12    Spells: 15/18 levels left

rFire   + + .      SeeInvis +    a - +1 short sword (freeze)
rCold   + . .      Faith    .    (no shield)
rNeg    . . .      Spirit   .    c - +0 robe
rPois   +          Reflect  .    p - +0 helmet
rElec   +          Rampage  .    l - scarf {shadows}
rCorr   +                        (no gloves)
Will    .....                    (no boots)
Stlth   ++                       (no amulet)
HPRegen 0.27/turn                j - ring of protection from fire
MPRegen 0.15/turn                e - ring of see invisible

@: resistant
A: weakness stinger 2, demonic touch 1
a: no special abilities


You were on level 4 of the Dungeon.
You visited 1 branch of the dungeon, and saw 4 of its levels.
You also visited: Sewer.

You collected 112 gold pieces.

Inventory:

Hand Weapons
 a - a +1 short sword of freezing (weapon)
 b - a +2 short sword of protection
Missiles
 d - 19 poisoned darts
 k - 2 boomerangs
 r - a curare-tipped dart
Armour
 c - a +0 robe (worn)
 l - a scarf of shadows (worn)
 p - a +0 helmet (worn)
 D - a +0 kite shield
Jewellery
 e - a ring of see invisible (right hand)
 j - a ring of protection from fire (left hand)
Wands
 y - a wand of roots (5)
Scrolls
 f - 2 scrolls of blinking
 g - a scroll of torment {unknown}
 h - a scroll of vulnerability {unknown}
 n - a scroll of brand weapon {unknown}
 q - a scroll of fear {unknown}
 x - a scroll of immolation {unknown}
 C - a scroll of summoning {unknown}
 E - a scroll of amnesia {unknown}
 F - a scroll of identify {unknown}
Potions
 i - a potion of flight {unknown}
 m - 2 potions of magic
 o - a potion of attraction {unknown}
 s - a potion of heal wounds {unknown}
 t - 3 potions of resistance
 u - a potion of degeneration {unknown}
 v - a potion of cancellation {unknown}
 w - a potion of might {unknown}
 z - a potion of haste {unknown}
 A - a potion of mutation {unknown}
 B - 3 potions of curing {unknown}


   Skills:
 - Level 1.7 Dodging
 - Level 1.7 Stealth
 + Level 6.4 Spellcasting
 + Level 5.5 Conjurations
 + Level 0.0 Translocations


You had 15 spell levels left.
You knew the following spells:

 Your Spells              Type           Power      Damage    Failure   Level
a - Magic Dart            Conj           100%       1d8       1%          1
b - Searing Ray           Conj           60%        2d6       1%          2

Your spell library contained the following spells:

 Spells                   Type           Power      Damage    Failure   Level
 Dazzling Flash           Conj/Hex       36%        N/A       9%          3
 Iskenderun's Mystic Bla  Conj/Tloc      18%        2d6       28%         4
 Fulminant Prism          Conj/Hex       9%         3d7       30%         4


Dungeon Overview and Level Annotations

Branches:
Dungeon (4/15)              Sewer (visited)
 Temple: D:4-7

Altars:
Xom

Annotations:
D:4 Edmund


Innate Abilities, Weirdness & Mutations

You have a tail ending in a sharp stinger.
Your touch may inflict minor irresistible damage on your foes.


Message History

The searing ray hits Edmund but does no damage.
Edmund is lightly wounded.
Edmund closely misses you.
The searing ray hits Edmund but does no damage.
Edmund is lightly wounded.
You finish channelling your searing ray.
Edmund completely misses you.
You barely miss Edmund.
Your tail-slap misses Edmund.
Edmund is lightly wounded.
Edmund hits you with a +1 dire flail of protection!
You closely miss Edmund.
You touch Edmund!
Edmund is moderately wounded.
Edmund says, "A flail is better than a scythe, any day of the week!"
Edmund barely misses you.
You closely miss Edmund.
Edmund is moderately wounded.
Edmund hits you with a +1 dire flail of protection.
You hit Edmund but do no damage.
Your tail-slap misses Edmund.
Edmund is moderately wounded.
Edmund hits you with a +1 dire flail of protection.
Casting: Searing Ray (safe; 1% risk of failure)
Confirm with . or Enter, or press ? or * to list all spells.
Aiming: Searing Ray (safe; 1% risk of failure)
Press: ? - help, Shift-Dir - straight line, f/p - Edmund
Aim: Edmund, wielding a +1 dire flail of protection and wearing a +0 scale mail (moderately wounded, 82% to hit)
The searing ray hits Edmund but does no damage.
Edmund is moderately wounded. (Press . to maintain the ray.) Edmund hits you with a +1 dire flail of protection!
* * * LOW HITPOINT WARNING * * *
Okay, then.
Edmund closely misses you. Edmund attacks as you move away!
Edmund hits you with a +1 dire flail of protection!
* * * LOW HITPOINT WARNING * * *
Edmund says, "People accused me of being a cutpurse!"
It was a potion of resistance.
You feel protected.
Edmund hits you with a +1 dire flail of protection!
You die...

#########.
#<@@......
#.########
....
###.## #.#
#.# #.#


You could see Edmund.

Vanquished Creatures
  Sigmund (D:3)
  2 kobold brigands (Sewer)
  Ijyb (D:3)
  An orc wizard (D:3)
  Robin (D:3)
  2 river rats (Sewer)
  6 adders
  A white imp (D:3)
  4 worms
  4 dart slugs
  9 orcs (D:3)
  17 ball pythons
  6 endoplasms
  6 giant cockroaches
  7 goblins
  10 hobgoblins
  3 jackals
  5 quokkas
  7 bats
  5 frilled lizards
  22 kobolds
  25 rats
145 creatures vanquished.

Notes
Turn   | Place    | Note
-------+----------+-------------------------------------------
     0 | D:1      | NinjaNoafa the Demonspawn Conjurer began the quest for the
                  | Orb.
     0 | D:1      | Reached XP level 1. HP: 13/13 MP: 3/3
   129 | D:1      | Discovered your monstrous ancestry.
   129 | D:1      | Gained mutation: You have a small tail. [demonic ancestry]
   129 | D:1      | Reached XP level 2. HP: 19/19 MP: 1/5
   256 | D:1      | Gained mutation: You have a tail ending in a sharp stinger.
                  | [demonic ancestry]
   256 | D:1      | Reached XP level 3. HP: 7/24 MP: 0/7
   259 | D:1      | Learned a level 2 spell: Searing Ray
   683 | D:2      | Reached skill level 3 in Spellcasting
  1030 | D:2      | Reached XP level 4. HP: 30/30 MP: 2/8
  1318 | D:2      | Found a shimmering altar of Xom.
  1746 | D:3      | Reached skill level 5 in Conjurations
  1928 | D:3      | Noticed Ijyb
  1958 | D:3      | Noticed Sigmund
  1968 | D:3      | Killed Sigmund
  1969 | D:3      | Reached skill level 5 in Spellcasting
  1969 | D:3      | Gained mutation: Your touch may inflict minor irresistible
                  | damage on your foes. [demonic ancestry]
  1969 | D:3      | Reached XP level 5. HP: 29/35 MP: 1/12
  2014 | D:3      | Noticed Robin
  2031 | D:3      | Reached XP level 6. HP: 28/41 MP: 2/13
  2031 | D:3      | Killed Robin
  2058 | D:3      | Found a glowing drain.
  2073 | Sewer    | Entered a sewer
  2333 | Sewer    | Reached skill level 6 in Spellcasting
  2896 | D:3      | Reached XP level 7. HP: 46/46 MP: 16/16
  2904 | D:3      | Killed Ijyb
  3413 | D:4      | Noticed Edmund
  3424 | D:4      | HP: 2/46 [Edmund/+1 dire flail of protection (10)]
  3425 | D:4      | Mangled by Edmund

Illustrated notes

Levels and vault maps discovered:
D:1:      dpeg_arrival_more_subterranean_lakeside_camping, layout_rooms
D:2:      minmay_wonky_spiral, layout_basic, basic_altar
D:3:      layout_loops_ring, lemuel_tele_altar, gup_sewer_entry_pipe, uniq_ijyb,
          uniq_robin, uniq_sigmund
D:4:      layout_loops_ring, uniq_duvessa, uniq_edmund, uniq_menkaure

Skill      XL: |  1  2  3  4  5  6 |
---------------+-------------------+-----
Spellcasting   | 3 5 6 |  6.4
Conjurations   | 5 |  5.5
Dodging        | |  1.7
Stealth        | |  1.7

Action                     |  1- 3 |  4- 6 |  7- 9 || total
---------------------------+-------+-------+-------++-------
  Melee: Short sword       |    76 |    64 |     5 ||   145
         Unarmed           |     5 |       |       ||     5
         Punch             |     3 |       |       ||     3
         Tailslap          |     3 |     8 |       ||    11
         Touch             |       |     5 |     2 ||     7
   Cast: Magic Dart        |    25 |    28 |       ||    53
         Searing Ray       |    10 |    23 |    13 ||    46
    Use: Scroll            |       |     1 |       ||     1
         Potion            |       |       |     1 ||     1
   Stab: Sleeping          |     1 |     5 |       ||     6
 Armour: Robe              |    26 |    24 |     1 ||    51
  Dodge: Dodged            |   115 |    65 |    10 ||   190

Table legend: (Time is in decaauts)
 A = Elapsed time spent in this place.
 B = Non-inter-level travel time spent in this place.
 C = Inter-level travel time spent in this place.
 D = Time resting spent in this place.
 E = Time spent auto-exploring this place.
 F = Levels seen in this place.
 G = Mean time per level.
                   A        B        C        D        E       F      G
               +--------+--------+--------+--------+--------+-----+--------+
         Total |   3433 |   3232 |    201 |    280 |   1951 |   5 |  686.6 |
       Dungeon |   2714 |   2513 |    201 |     64 |   1684 |   4 |  678.5 |
         Sewer |    718 |    718 |      0 |    216 |    267 |   1 |  718.0 |
               +--------+--------+--------+--------+--------+-----+--------+

Top non-repeatable levels by time:
     D:2: 1087 daAuts
     D:3: 974 daAuts
   Sewer: 718 daAuts
     D:1: 640 daAuts
     D:4: 11 daAuts
